 Dungeon Crawl Stone Soup version 0.31.0-1-g2c135a0 (webtiles) character file.

Game seed: 4492304018622257009

1476 Think the Covert (level 8, -2/72 HPs)
             Began as an Octopode Shapeshifter on Jan 23, 2024.
             Was an Initiate of Gozag.
             Splashed by a jelly's acid (8 damage)
             ... on level 6 of the Dungeon.
             The game lasted 00:11:58 (5340 turns).

Think the Covert (Octopode Shapeshifter)            Turns: 5340, Time: 00:11:59

Health: -2/72      AC: 16    Str: 14    XL:     8   Next: 78%
Magic:  8/8        EV:  2    Int: 12    God:    Gozag
Gold:   573        SH:  0    Dex: 13    Spells: 7/7 levels left

rFire   . . .        e - +0 dagger
rCold   . . .        (no shield)
rNeg    . . .        (helmet currently unavailable)
rPois   +            k - amulet of regeneration
rElec   .            g - ring of poison resistance
rCorr   .            (no ring)
SInv    .            (no ring)
Will    .....        (no ring)
Stlth   +++++        (no ring)
HPRegen 1.12/turn    (no ring)
MPRegen 0.11/turn    (no ring)
                     (no ring)

%: no passive effects
@: mighty, tree-form, corroded, attractive
A: stationary, stasis, torment immunity, boosted hp, almost no armour,
(amphibious), 8 rings, (camouflage 1), (gelatinous body 1), (nimble swimmer 1),
(tentacles)
a: Renounce Religion, Potion Petition, Call Merchant, Bribe Branch


You were on level 6 of the Dungeon.
You worshipped Gozag.
Gozag was pleased with you.
You were a tree.
You visited 2 branches of the dungeon, and saw 7 of its levels.
You also visited: Sewer.

You collected 655 gold pieces.
You spent 28 gold pieces at shops.
You paid 54 gold pieces to Gozag.

Inventory:

Hand Weapons
 e - a +0 dagger (weapon)
Missiles
 f - 34 stones (quivered)
Jewellery
 g - a ring of poison resistance (left branch)
 k - an amulet of regeneration (around neck)
 s - an amulet of magic regeneration
Talismans
 b - a beast talisman
 c - a flux talisman
 C - a dragon-blood talisman
Wands
 l - a wand of roots (5)
Scrolls
 d - a scroll of enchant weapon
 i - a scroll of blinking
 j - a scroll of torment
 p - a scroll of immolation
 q - a scroll of revelation {unknown}
 u - a scroll of enchant armour
 w - 2 scrolls of teleportation
 x - a scroll of summoning {unknown}
 y - a scroll of silence {unknown}
 A - a scroll of fog {unknown}
 B - 2 scrolls of identify
Potions
 a - a potion of curing
 h - a potion of brilliance
 m - a potion of resistance
 o - a potion of haste {unknown}
 r - a potion of attraction
 v - a potion of cancellation {unknown}
 z - a potion of enlightenment {unknown}


   Skills:
 - Level 1.0 Fighting
 + Level 7.6 Dodging
 - Level 10.8 Stealth
 - Level 3.0 Unarmed Combat
 - Level 3.0 Shapeshifting


You had 7 spell levels left.
You didn't know any spells.
Your spell library contained the following spells:

 Spells                   Type           Power      Damage    Failure   Level
 Apportation              Tloc           0%         N/A       32%         1
 Necrotise                Necr           0%         1d4       32%         1
 Sting                    Conj/Alch      0%         1d3       32%         1
 Summon Small Mammal      Summ           0%         N/A       32%         1
 Alistair's Intoxication  Alch           0%         N/A       100%        5
 Borgnjor's Vile Clutch   Necr/Erth      0%         N/A       100%        5
 Eringya's Noxious Bog    Alch           0%         4d6       100%        6


Dungeon Overview and Level Annotations

Branches:
Dungeon (6/15)             Temple (1/1) D:6           Sewer (visited)

Altars:
Ashenzari
Dithmenos
Fedhas
Gozag
Hepliaklqana
Kikubaaqudgha
Nemelex Xobeh
Ru
Trog
Uskayaw
Wu Jian
Xom
Yredelemnul
Zin
The Shining One

Shops:
D:2 ??   D:3 *   D:4 *


Innate Abilities, Weirdness & Mutations

You are a tree.
Your roots penetrate the ground, keeping you stationary.
You cannot be teleported.
You are immune to unholy pain and torment.
Your maximum health is greatly increased.
You cannot wear most types of armour.
((You are amphibious.))
You can wear up to eight rings at the same time.
((Your skin changes colour to match your surroundings (Stealth+).))
((Your rubbery body absorbs attacks. (AC +1, EV +1)))
((You are camouflaged when in or above water. (Stealth+)))
((You have tentacles for arms and can constrict up to eight enemies at once.))


Message History

You are too injured to fight recklessly!
You are too injured to fight recklessly!
You are too injured to fight recklessly!
You hit the jelly.
Your tentacles burn!
The jelly is heavily wounded.
The jelly closely misses you.
You hit the jelly.
Your tentacles burn!
* * * LOW HITPOINT WARNING * * *
You squeeze the jelly.
The jelly is severely wounded.
The jelly misses you.
You hit the jelly but do no damage.
Your tentacles burn!
* * * LOW HITPOINT WARNING * * *
The jelly is severely wounded.
The jelly hits you.
* * * LOW HITPOINT WARNING * * *
You are splashed with acid.
* * * LOW HITPOINT WARNING * * *
Your transformation has ended.
You turn into a tree.
Your roots penetrate the ground.
The jelly hits you but does no damage.
You feel better. The jelly hits you but does no damage.
You hit the jelly.
Your branches burn!
* * * LOW HITPOINT WARNING * * *
The jelly is severely wounded.
The jelly hits you.
* * * LOW HITPOINT WARNING * * *
The acid corrodes you!
You are splashed with acid!
* * * LOW HITPOINT WARNING * * *
It was a potion of attraction.
You feel attractive to monsters.
The jelly jiggles.
The jelly hits you but does no damage.
It was a potion of might.
You feel very mighty all of a sudden. The jelly hits you.
* * * LOW HITPOINT WARNING * * *
You are splashed with acid!
You die...
Your body crumbles into a pile of gold.

###...<.....# ........#
#......>#.# ........#
#.......#)# ........#
#....#.##)##
........#######.....#)##
............###...#.#.##
.............##.........
#....J.........###.##
####♣....# ##......#.
#....#.............#.
#.##.# ########.#..#.
#.#########.....#..#
#.....#.....#.....##.
###...#.##....#.#....
#.#.#.##.##.#.#.###
#.###.##.#....#.#
#.....##.#..###.#


You could see a jelly.

Vanquished Creatures
  Sigmund (D:2)
  An ice beast (D:5)
  A black bear (D:5)
  A crocodile (Sewer)
  An ogre (D:6)
  4 kobold brigands (Sewer)
  A brain worm (Sewer)
  2 scorpions
  2 howler monkeys
  2 bombardier beetles
  2 orc priests
  A sleepcap (D:3)
  3 orc wizards
  8 adders
  4 river rats (Sewer)
  A dart slug (D:1)
  A ribbon worm (D:2)
  12 orcs
  5 ball pythons
  7 endoplasms
  A giant cockroach (D:1)
  2 goblins
  9 hobgoblins
  8 jackals
  4 quokkas
  4 bats
  12 frilled lizards
  7 kobolds
  10 rats
117 creatures vanquished.

Notes
Turn   | Place    | Note
-------+----------+-------------------------------------------
     0 | D:1      | Think the Octopode Shapeshifter began the quest for the
                  | Orb.
     0 | D:1      | Reached XP level 1. HP: 13/13 MP: 1/1
    61 | D:1      | Reached skill level 1 in Stealth
   388 | D:1      | Reached skill level 2 in Stealth
   388 | D:1      | Reached XP level 2. HP: 18/18 MP: 2/2
   889 | D:1      | Reached skill level 3 in Stealth
   889 | D:1      | Reached XP level 3. HP: 23/23 MP: 3/3
  1136 | D:2      | Found Keklehoe's Magic Scroll Shoppe.
  1136 | D:2      | Noticed Sigmund
  1161 | D:2      | Killed Sigmund
  1162 | D:2      | Reached skill level 6 in Stealth
  1162 | D:2      | Reached XP level 4. HP: 28/28 MP: 4/4
  1162 | D:2      | Reached XP level 5. HP: 33/33 MP: 5/5
  1211 | D:2      | Bought a scroll of identify for 28 gold pieces
  1313 | D:2      | Found Xiufimn's Magic Scroll Emporium.
  1752 | D:3      | Found a hazy altar of Hepliaklqana.
  1757 | D:3      | Found a faded altar of an unknown god.
  1912 | D:3      | Reached XP level 6. HP: 36/38 MP: 6/6
  2179 | D:3      | Found Benibab's General Store.
  2290 | D:3      | Reached skill level 7 in Stealth
  2585 | D:4      | Found a blossoming altar of Fedhas.
  2654 | D:4      | Found Gozag's Platinum Reserve.
  2654 | D:4      | Found an opulent altar of Gozag.
  2664 | D:4      | Became a worshipper of Gozag Ym Sagoz the Greedy
  2832 | D:4      | Found a glowing drain.
  2843 | Sewer    | Entered a sewer
  2910 | Sewer    | Reached skill level 8 in Stealth
  2910 | Sewer    | Reached XP level 7. HP: 43/43 MP: 7/7
  3223 | Sewer    | Reached skill level 5 in Dodging
  3223 | Sewer    | Reached skill level 9 in Stealth
  3445 | Sewer    | Reached skill level 10 in Stealth
  3496 | Sewer    | Reached XP level 8. HP: 46/48 MP: 8/8
  4006 | D:5      | Entered Level 5 of the Dungeon
  5082 | D:6      | Found a staircase to the Ecumenical Temple.
  5107 | Temple   | Entered the Ecumenical Temple
  5340 | D:6      | Splashed by a jelly's acid

Illustrated notes

Levels and vault maps discovered:
D:1:      wander_arrival_estate, layout_loops_ring
D:2:      layout_loops_ring, serial_forest, infiniplex_forest_clump_diagonal,
          infiniplex_forest_clump_medium, infiniplex_forest_clump_long,
          infiniplex_forest_lined_ring, infiniplex_forest_zigzag_2,
          serial_shops, shop, nicolae_shop_pleasant_corner_grove, uniq_sigmund
D:3:      layout_loops_cross, mainiacjoe_overflow_tiny_flanked,
          ebering_ecumenical_altar_webs, serial_shops, shop
D:4:      layout_cave_pools, nicolae_gozag_zags_fifth_avenue, marbit_many_paths,
          portal_sewer_entry_d
D:5:      layout_basic
D:6:      layout_basic, mainiacjoe_overflow_surrounded_room,
          gammafunk_temple_overflow_claw, minmay_temple_entry_statues_pillars,
          serial_bayou_ford_a
Temple:   nicolae_temple_bog_church

Skill      XL: |  1  2  3  4  5  6  7  8 |
---------------+-------------------------+-----
Stealth        | 2 3 6 8 10 | 10.8
Dodging        | 3 4 5 7 |  7.6
Fighting       | |  1.0
Unarmed Combat | |  3.0
Shapeshifting  | |  3.0

Action                     |  1- 3 |  4- 6 |  7- 9 || total
---------------------------+-------+-------+-------++-------
  Melee: Unarmed           |    11 |       |       ||    11
         Constrict         |    15 |    16 |    41 ||    72
         Tentacles         |    12 |    11 |    47 ||    70
         Dagger            |    53 |    61 |   189 ||   303
         Punch             |       |     2 |     3 ||     5
    Use: Potion            |     2 |     1 |     7 ||    10
         Scroll            |       |     3 |     5 ||     8
   Stab: Sleeping          |     9 |    20 |     9 ||    38
 Armour: Skin              |    28 |    21 |   111 ||   160
  Dodge: Dodged            |    19 |    23 |   118 ||   160
